TOP OF THE 1ST |
Miami (APP) Marlins batting - Pitching for Missoula Osprey : RHP Jorge Gallegos
|
Pitching: RHP Jorge Gallegos
|
|
Batting: RHB Adrian Bocker
|
0-0: Ball 1-0: Foul Ball, location: 2F 1-1: Swinging Strike 1-2: Foul Ball, location: 2F 1-2: Strikes out swinging
|
Batting: RHB Jason Thrash
|
0-0: Called Strike 0-1: Called Strike 0-2: Strikes out swinging
|
Batting: RHB Mario Cota
|
0-0: Called Strike 0-1: Swinging Strike 0-2: Ball 1-2: Ball 2-2: Foul Ball, location: 2F 2-2: SINGLE (Line Drive, 7LS, EV 108.1 MPH)
|
Batting: SHB Matt Moore
|
0-0: Fly out, F9 (Flyball, 9LS, EV 83.1 MPH)
|
Top of the 1st over - 0 runs, 1 hit, 0 errors, 1 left on base; Miami (APP) 0 - Missoula 0 |
BOTTOM OF THE 1ST |
Missoula Osprey batting - Pitching for Miami (APP) Marlins : RHP Adam Brown
|
Pitching: RHP Adam Brown
|
|
Batting: SHB Roger Holmes
|
0-0: Ball 1-0: Called Strike 1-1: Ball 2-1: SINGLE (Groundball, 3D, EV 96.9 MPH)
|
Batting: RHB Paul Schreiber
|
0-0: Foul Ball, location: 2F 0-1: Ball 1-1: Ball 2-1: 2-RUN HOME RUN (Flyball, 7LD, EV 91.3 MPH), Distance : 337 ft
|
Batting: SHB Evan Armagost
|
0-0: Ball 1-0: Ball 2-0: Foul Ball, location: 2F 2-1: Foul Ball, location: 2F 2-2: Ball 3-2: SINGLE (Line Drive, 34, EV 96.9 MPH)
|
Batting: SHB Blaine Peters
|
0-0: Ball 1-0: Ball 2-0: Ball 3-0: Called Strike 3-1: SINGLE (Flyball, 9, EV 88.1 MPH) Evan Armagost to second
|
Pitching: RHP Matt Alexander
|
|
Batting: LHB Enrique Ponce
|
0-0: Ball 1-0: Ball 2-0: Ball 3-0: Base on Balls Evan Armagost to third Blaine Peters to second
|
Batting: RHB Antonio Luisa
|
0-0: Fly out, F9 (Flyball, 9D, EV 98.1 MPH) Runner from 3rd tags up, SCORES, throw by RF Blaine Peters to third
|
Batting: RHB Ernesto Zamora
|
0-0: Ball 1-0: Ball 2-0: Ball Enrique Ponce steals 2nd base 3-0: Called Strike 3-1: Base on Balls
|
Batting: SHB Lee Dillon
|
0-0: Ball 1-0: Ball 2-0: Ball 3-0: Base on Balls Blaine Peters scores Enrique Ponce to third Ernesto Zamora to second
|
Batting: RHB Zach Espinosa
|
0-0: Called Strike 0-1: SINGLE (Groundball, 3D, EV 98.8 MPH) Enrique Ponce scores Ernesto Zamora to third Lee Dillon to second Runner from 3rd tries for Home, SAFE, throw by RF to home
|
Batting: SHB Roger Holmes
|
0-0: Called Strike 0-1: Ball 1-1: Ball Wild Pitch! Lee Dillon to third Zach Espinosa to second 2-1: 3-RUN HOME RUN (Flyball, 9D, EV 94.4 MPH), Distance : 361 ft
|
Pitching: LHP Tyler Murders
|
|
Batting: RHB Paul Schreiber
|
0-0: Foul Ball, location: 2F 0-1: Ball 1-1: Ball 2-1: SOLO HOME RUN (Flyball, 89XD, EV 101.9 MPH), Distance : 396 ft
|
Batting: SHB Evan Armagost
|
0-0: Called Strike 0-1: Foul Ball, location: 2F 0-2: Ball 1-2: Foul Ball, location: 2F 1-2: Foul Ball, location: 2F 1-2: Ball 2-2: Foul Ball, location: 2F 2-2: Ball 3-2: Strikes out swinging
|
Batting: SHB Blaine Peters
|
0-0: Ball 1-0: Ball 2-0: Ball 3-0: Base on Balls
|
Batting: LHB Enrique Ponce
|
0-0: Ball 1-0: Ball 2-0: Called Strike 2-1: Ball 3-1: Foul Ball, location: 2F 3-2: SINGLE (Groundball, 6MD, EV 103.8 MPH) Blaine Peters to second Blaine Peters to third
|
Pitching: RHP Jeremy Akande
|
|
Batting: RHB Antonio Luisa
|
0-0: Swinging Strike 0-1: Reached on error, E4 (Groundball, 4S, EV 86.3 MPH) Blaine Peters scores Enrique Ponce to second
|
Batting: RHB Ernesto Zamora
|
0-0: Fly out, F4 (Popup, 34, EV 59.4 MPH)
|
Bottom of the 1st over - 11 runs, 8 hits, 1 error, 2 left on base; Miami (APP) 0 - Missoula 11 |
TOP OF THE 2ND |
Miami (APP) Marlins batting - Pitching for Missoula Osprey : RHP Jorge Gallegos
|
Batting: RHB Keith Bennett
|
0-0: Called Strike 0-1: Ball 1-1: Ball 2-1: Foul Ball, location: 2F 2-2: Ball 3-2: Strikes out swinging
|
Batting: RHB Rick Knoblauch
|
0-0: Ball 1-0: Swinging Strike 1-1: Swinging Strike 1-2: Ball 2-2: Foul Ball, location: 2F 2-2: Strikes out swinging
|
Batting: LHB Gavrilo Brkic
|
0-0: Foul Ball, location: 2F 0-1: Swinging Strike 0-2: Ball 1-2: Foul Ball, location: 2F 1-2: Strikes out looking
|
Top of the 2nd over - 0 runs, 0 hits, 0 errors, 0 left on base; Miami (APP) 0 - Missoula 11 |
BOTTOM OF THE 2ND |
Missoula Osprey batting - Pitching for Miami (APP) Marlins : RHP Jeremy Akande
|
Batting: SHB Lee Dillon
|
0-0: Ball 1-0: Ground out 4-3 (Groundball, 4S, EV 76.3 MPH)
|
Batting: RHB Zach Espinosa
|
0-0: Ball 1-0: Ball 2-0: Foul Ball, location: 2F 2-1: Ball 3-1: Base on Balls
|
Batting: SHB Roger Holmes
|
0-0: Swinging Strike 0-1: Swinging Strike 0-2: DOUBLE (Line Drive, 78D, EV 99.4 MPH) Zach Espinosa to third Runner from 3rd tries for Home, throw by CF and OUT! 8-6-2
|
Batting: RHB Paul Schreiber
|
0-0: Ball 1-0: Ball 2-0: Called Strike 2-1: Ball 3-1: Base on Balls
|
Pitching: LHP Mike Wasson
|
|
Batting: SHB Evan Armagost
|
0-0: Fly out, F7 (Flyball, 7D, EV 88.1 MPH)
|
Bottom of the 2nd over - 0 runs, 1 hit, 0 errors, 2 left on base; Miami (APP) 0 - Missoula 11 |
TOP OF THE 3RD |
Miami (APP) Marlins batting - Pitching for Missoula Osprey : RHP Jorge Gallegos
|
Batting: LHB Melvin Castro
|
0-0: Called Strike 0-1: Foul Ball, location: 2F 0-2: Ball 1-2: Strikes out swinging
|
Batting: LHB Bryan Wedge
|
0-0: Ball 1-0: Swinging Strike 1-1: Ball 2-1: Ball 3-1: Foul Ball, location: 2F 3-2: Strikes out swinging
|
Batting: RHB Adrian Bocker
|
0-0: Called Strike 0-1: Foul Ball, location: 2F 0-2: Strikes out swinging
|
Top of the 3rd over - 0 runs, 0 hits, 0 errors, 0 left on base; Miami (APP) 0 - Missoula 11 |
BOTTOM OF THE 3RD |
Missoula Osprey batting - Pitching for Miami (APP) Marlins : LHP Mike Wasson
|
Batting: SHB Blaine Peters
|
0-0: Called Strike 0-1: Ball 1-1: Swinging Strike 1-2: Foul Ball, location: 2F 1-2: Strikes out looking
|
Batting: LHB Enrique Ponce
|
0-0: Ball 1-0: Foul Ball, location: 2F 1-1: Called Strike 1-2: Foul Ball, location: 2F 1-2: Ball 2-2: TRIPLE (Flyball, 89XD, EV 112.5 MPH)
|
Batting: RHB Antonio Luisa
|
0-0: Ball 1-0: Ball 2-0: Called Strike 2-1: Ball 3-1: Fly out, F7 (Flyball, 78D, EV 101.3 MPH) Runner from 3rd tags up, SCORES, no throw by LF
|
Batting: RHB Ernesto Zamora
|
0-0: Ball 1-0: Called Strike 1-1: Ball 2-1: Foul Ball, location: 2F 2-2: Ball 3-2: Strikes out swinging
|
Bottom of the 3rd over - 1 run, 1 hit, 0 errors, 0 left on base; Miami (APP) 0 - Missoula 12 |
TOP OF THE 4TH |
Miami (APP) Marlins batting - Pitching for Missoula Osprey : RHP Jorge Gallegos
|
Batting: RHB Jason Thrash
|
0-0: SINGLE (Groundball, 5D, EV 105.6 MPH)
|
Batting: RHB Mario Cota
|
0-0: Ball 1-0: Swinging Strike 1-1: Fly out, F8 (Flyball, 89S, EV 81.9 MPH)
|
Batting: SHB Matt Moore
|
0-0: Ball 1-0: Foul Ball, location: 2F 1-1: Foul Ball, location: 2F 1-2: Strikes out looking
|
Batting: RHB Keith Bennett
|
0-0: Ball 1-0: Ball 2-0: Foul Ball, location: 2F 2-1: Foul Ball, location: 2F 2-2: Ball 3-2: Fly out, F8 (Flyball, 8RM, EV 91.9 MPH)
|
Top of the 4th over - 0 runs, 1 hit, 0 errors, 1 left on base; Miami (APP) 0 - Missoula 12 |
BOTTOM OF THE 4TH |
Missoula Osprey batting - Pitching for Miami (APP) Marlins : LHP Mike Wasson
|
Batting: SHB Lee Dillon
|
0-0: Ball 1-0: Ball 2-0: Called Strike 2-1: SINGLE (Groundball, 6M, EV 85.0 MPH) (infield hit)
|
Batting: RHB Zach Espinosa
|
0-0: Called Strike 0-1: Foul Ball, location: 2F 0-2: Ball 1-2: Strikes out looking
|
Batting: SHB Roger Holmes
|
0-0: Called Strike 0-1: TRIPLE (Flyball, 89XD, EV 95.0 MPH) Lee Dillon scores
|
Batting: RHB Paul Schreiber
|
0-0: Ball 1-0: Ball 2-0: Ball 3-0: Called Strike 3-1: Ground out 6-3 (Groundball, 6, EV 81.3 MPH) Roger Holmes scores
|
Batting: SHB Evan Armagost
|
0-0: Ball 1-0: Foul Ball, location: 2F 1-1: Ball 2-1: Ball 3-1: Base on Balls
|
Batting: SHB Blaine Peters
|
0-0: Foul Ball, location: 2F 0-1: Ball 1-1: Ball 2-1: Ball 3-1: Fielders Choice at 2nd, 6-4 (Groundball, 6, EV 103.1 MPH)
|
Bottom of the 4th over - 2 runs, 2 hits, 0 errors, 1 left on base; Miami (APP) 0 - Missoula 14 |
TOP OF THE 5TH |
Miami (APP) Marlins batting - Pitching for Missoula Osprey : RHP Jorge Gallegos
|
Batting: RHB Rick Knoblauch
|
0-0: Foul Ball, location: 2F 0-1: Swinging Strike 0-2: Ball 1-2: Strikes out swinging
|
Batting: LHB Gavrilo Brkic
|
0-0: Fly out, F8 (Flyball, 8LD, EV 92.5 MPH)
|
Batting: LHB Melvin Castro
|
0-0: Called Strike 0-1: Foul Ball, location: 2F 0-2: Strikes out swinging
|
Top of the 5th over - 0 runs, 0 hits, 0 errors, 0 left on base; Miami (APP) 0 - Missoula 14 |
BOTTOM OF THE 5TH |
Missoula Osprey batting - Pitching for Miami (APP) Marlins : LHP Mike Wasson
|
Batting: LHB Enrique Ponce
|
0-0: Called Strike 0-1: Ball 1-1: Ball 2-1: Called Strike 2-2: Ground out 5-3 (Groundball, 25, EV 84.4 MPH)
|
Batting: RHB Antonio Luisa
|
0-0: Called Strike 0-1: Ball 1-1: SINGLE (Groundball, 4D, EV 107.5 MPH)
|
Batting: RHB Ernesto Zamora
|
0-0: Called Strike 0-1: Called Strike 0-2: Ball 1-2: Ball 2-2: Grounds into double play, 4-6-3 (Groundball, 4, EV 100.0 MPH)
|
Bottom of the 5th over - 0 runs, 1 hit, 0 errors, 0 left on base; Miami (APP) 0 - Missoula 14 |
TOP OF THE 6TH |
Miami (APP) Marlins batting - Pitching for Missoula Osprey : RHP Jorge Gallegos
|
Batting: LHB Bryan Wedge
|
0-0: Called Strike 0-1: Called Strike 0-2: Ball 1-2: Ball 2-2: Strikes out swinging
|
Batting: RHB Adrian Bocker
|
0-0: Ball 1-0: Swinging Strike 1-1: Called Strike 1-2: Ball 2-2: Strikes out swinging
|
Batting: RHB Jason Thrash
|
0-0: Ball 1-0: Swinging Strike 1-1: Foul Ball, location: 2F 1-2: Strikes out swinging
|
Top of the 6th over - 0 runs, 0 hits, 0 errors, 0 left on base; Miami (APP) 0 - Missoula 14 |
BOTTOM OF THE 6TH |
Missoula Osprey batting - Pitching for Miami (APP) Marlins : LHP Mike Wasson
|
Batting: SHB Lee Dillon
|
0-0: Ball 1-0: Called Strike 1-1: Called Strike 1-2: Ground out 5-3 (Groundball, 56, EV 101.3 MPH)
|
Batting: RHB Zach Espinosa
|
0-0: Ground out 5-3 (Groundball, 56, EV 106.3 MPH)
|
Batting: SHB Roger Holmes
|
0-0: SOLO HOME RUN (Flyball, 9D, EV 98.1 MPH), Distance : 365 ft
|
Batting: RHB Paul Schreiber
|
0-0: Called Strike 0-1: Swinging Strike 0-2: Ball 1-2: Ball 2-2: Foul Ball, location: 2F 2-2: Ball 3-2: Foul Ball, location: 2F 3-2: Foul Ball, location: 2F 3-2: Strikes out swinging
|
Bottom of the 6th over - 1 run, 1 hit, 0 errors, 0 left on base; Miami (APP) 0 - Missoula 15 |
TOP OF THE 7TH |
Miami (APP) Marlins batting - Pitching for Missoula Osprey : RHP Jorge Gallegos
|
Pitching: RHP Jason Hammons
|
|
Batting: RHB Mario Cota
|
0-0: Called Strike 0-1: Ball 1-1: Ball 2-1: Reached on error, E5 (Groundball, 56, EV 80.6 MPH)
|
Pitching: RHP John Petersen
|
|
Batting: SHB Matt Moore
|
0-0: Swinging Strike 0-1: Ball 1-1: Called Strike 1-2: Foul Ball, location: 2F 1-2: Ball Wild Pitch! Mario Cota to second 2-2: Foul Ball, location: 2F 2-2: Ball 3-2: Strikes out swinging
|
Batting: RHB Keith Bennett
|
0-0: Called Strike 0-1: Ground out 5-3 (Groundball, 5, EV 82.5 MPH)
|
Batting: RHB Rick Knoblauch
|
0-0: Ball 1-0: SINGLE (Line Drive, 56D, EV 98.1 MPH) Mario Cota to third Runner from 3rd tries for Home, throw by LF and OUT! 7-2
|
Top of the 7th over - 0 runs, 1 hit, 1 error, 1 left on base; Miami (APP) 0 - Missoula 15 |
BOTTOM OF THE 7TH |
Missoula Osprey batting - Pitching for Miami (APP) Marlins : LHP Mike Wasson
|
Batting: SHB Evan Armagost
|
0-0: Foul Ball, location: 2F 0-1: Ball 1-1: Swinging Strike 1-2: Foul Ball, location: 2F 1-2: Ball 2-2: Foul Ball, location: 2F 2-2: Ball 3-2: Base on Balls
|
Batting: SHB Blaine Peters
|
0-0: Called Strike 0-1: Fielders Choice at 2nd, 5-4 (Groundball, 5, EV 92.5 MPH)
|
Batting: LHB Enrique Ponce
|
0-0: SINGLE (Groundball, 6S, EV 65.6 MPH) (infield hit) Blaine Peters to second
|
Batting: RHB Antonio Luisa
|
0-0: DOUBLE (Groundball, 5L, EV 108.1 MPH) Blaine Peters scores Enrique Ponce to third
|
Batting: RHB Ernesto Zamora
|
0-0: Called Strike 0-1: Ball 1-1: Ground out 1-3 (Groundball, 15, EV 70.0 MPH)
|
Batting: SHB Lee Dillon
|
0-0: Hit by Pitch
|
Batting: RHB Zach Espinosa
|
0-0: Called Strike 0-1: Called Strike 0-2: Ground out 3-1 (Groundball, 34, EV 105.6 MPH)
|
Bottom of the 7th over - 1 run, 2 hits, 0 errors, 3 left on base; Miami (APP) 0 - Missoula 16 |
TOP OF THE 8TH |
Miami (APP) Marlins batting - Pitching for Missoula Osprey : RHP John Petersen
|
Batting: LHB Gavrilo Brkic
|
0-0: Called Strike 0-1: Foul Ball, location: 2F 0-2: Strikes out swinging
|
Batting: LHB Melvin Castro
|
0-0: Called Strike 0-1: Foul Ball, location: 2F 0-2: Ball 1-2: Foul Ball, location: 2F 1-2: Strikes out swinging
|
Batting: LHB Bryan Wedge
|
0-0: Ball 1-0: Ball 2-0: Swinging Strike 2-1: Foul Ball, location: 2F 2-2: Ball 3-2: Strikes out swinging
|
Top of the 8th over - 0 runs, 0 hits, 0 errors, 0 left on base; Miami (APP) 0 - Missoula 16 |
BOTTOM OF THE 8TH |
Missoula Osprey batting - Pitching for Miami (APP) Marlins : LHP Mike Wasson
|
Batting: SHB Roger Holmes
|
0-0: Ball 1-0: Ball 2-0: Ball 3-0: Foul Ball, location: 2F 3-1: Foul Ball, location: 2F 3-2: Base on Balls
|
Batting: RHB Paul Schreiber
|
0-0: Ball 1-0: SINGLE (Groundball, 4M, EV 110.6 MPH) (infield hit) Roger Holmes to second
|
Batting: SHB Evan Armagost
|
0-0: 3-RUN HOME RUN (Line Drive, 7LD, EV 100.6 MPH), Distance : 386 ft
|
Batting: SHB Blaine Peters
|
0-0: Foul Ball, location: 2F 0-1: Ball 1-1: Ground out 1-3 (Groundball, 25, EV 71.9 MPH)
|
Batting: LHB Enrique Ponce
|
0-0: SOLO HOME RUN (Flyball, 9LD, EV 95.0 MPH), Distance : 352 ft
|
Batting: RHB Antonio Luisa
|
0-0: Called Strike 0-1: Foul Ball, location: 2F 0-2: Foul Ball, location: 2F 0-2: Foul Ball, location: 2F 0-2: Ball 1-2: Ball 2-2: Ball 3-2: Base on Balls
|
Batting: RHB Ernesto Zamora
|
0-0: Ball 1-0: DOUBLE (Line Drive, 89M, EV 96.3 MPH) Antonio Luisa to third
|
Batting: SHB Lee Dillon
|
0-0: Ground out 6-3 (Groundball, 6, EV 80.6 MPH) Antonio Luisa scores Ernesto Zamora to third
|
Batting: RHB Zach Espinosa
|
0-0: SINGLE (Flyball, 78S, EV 88.8 MPH) Ernesto Zamora scores
|
Batting: SHB Roger Holmes
|
0-0: Called Strike 0-1: Fly out, F9 (Line Drive, 9, EV 93.1 MPH)
|
Bottom of the 8th over - 6 runs, 5 hits, 0 errors, 1 left on base; Miami (APP) 0 - Missoula 22 |
TOP OF THE 9TH |
Miami (APP) Marlins batting - Pitching for Missoula Osprey : RHP John Petersen
|
Batting: RHB Adrian Bocker
|
0-0: Foul Ball, location: 2F 0-1: Called Strike 0-2: Ball 1-2: Fly out, F8 (Flyball, 8RD, EV 111.3 MPH)
|
Pitching: LHP Heath Henderson
|
|
Batting: RHB Jason Thrash
|
0-0: Ball 1-0: Swinging Strike 1-1: Foul Ball, location: 2F 1-2: Ball 2-2: SINGLE (Line Drive, 78M, EV 101.9 MPH)
|
Batting: RHB Mario Cota
|
0-0: Ball 1-0: Ball 2-0: Called Strike 2-1: Fielders Choice at 2nd, 6-4 (Groundball, 6, EV 85.6 MPH)
|
Batting: SHB Matt Moore
|
0-0: Swinging Strike 0-1: Ball 1-1: Called Strike 1-2: Ground out U3 (Groundball, 13, EV 86.3 MPH)
|
Top of the 9th over - 0 runs, 1 hit, 0 errors, 1 left on base; Miami (APP) 0 - Missoula 22 |
|